 Dungeon Crawl Stone Soup version 0.25-a0-861-g340c9e8194 (webtiles) character file.

Game seed: 12516569184004372536, levelgen mode: deterministic

231 Lugonue the Archer (level 5, -8/41 HPs)
             Began as a Centaur Hunter on Apr 29, 2020.
             Mangled by an ogre
             ... wielding a +0 giant spiked club
              (23 damage)
             ... on level 3 of the Dungeon.
             The game lasted 00:05:08 (3326 turns).

Lugonue the Archer (Centaur Hunter)                 Turns: 3326, Time: 00:05:08

Health: -8/41      AC:  5    Str: 14    XL:     5   Next: 73%
Magic:  5/5        EV:  9    Int: 10    God:
Gold:   126        SH:  0    Dex: 11    Spells: 4/4 levels left

rFire    . . .     SeeInvis .   a - +1 shortbow
rCold    . . .     Gourm    +   (shield currently unavailable)
rNeg     . . .     Faith    .   c - +0 leather armour
rPois    .         Spirit   .   (no helmet)
rElec    .         Reflect  .   p - +0 cloak
rCorr    .         Harm     .   (no gloves)
MR       .....                  (no barding)
Stlth    +.........             g - amulet of the gourmand
HPRegen  0.13/turn              (no ring)
MPRegen  0.09/turn              (no ring)

@: very quick
A: large, hooves 3, deformed body, speed 2, tough skin 3
a: no special abilities


You were on level 3 of the Dungeon.
You were not hungry.

You visited 1 branch of the dungeon, and saw 4 of its levels.

You collected 126 gold pieces.

Inventory:

Hand Weapons
 a - a +1 shortbow (weapon)
 b - a +0 short sword
 d - a +1 vampiric hand axe
Missiles
 e - an arrow (quivered)
Armour
 c - a +0 leather armour (worn)
 p - a +0 cloak (worn)
Jewellery
 g - an amulet of the gourmand (around neck)
 l - an uncursed ring of positive energy {unknown}
Scrolls
 k - a scroll of random uselessness
 m - 2 scrolls of remove curse {unknown}
Potions
 h - a potion of lignification
 i - a potion of might
 j - a potion of berserk rage {unknown}
 n - a potion of degeneration {unknown}
Comestibles
 f - 8 rations


   Skills:
 - Level 2.0 Fighting
 + Level 9.3 Bows
 - Level 1.4 Dodging
 - Level 0.4 Stealth


You had 4 spell levels left.
You didn't know any spells.
Your spell library was empty.

Dungeon Overview and Level Annotations

Branches:
Dungeon (4/15)
 Temple: D:4-7

Altars:
Dithmenos
Nemelex Xobeh
Qazlal
Ru
Yredelemnul


Innate Abilities, Weirdness & Mutations

You have hooves in place of feet.
Armour fits poorly on your strangely shaped body.
You cover ground very quickly.
You have extremely tough skin. (AC +3)


Message History

The arrow hits the ogre but does no damage.
The ogre is almost dead.
Firing (i - inventory)
e - an arrow (quivered)
Press: ? - help, Shift-Dir - straight line, f/p - ogre
Aim: an ogre, wielding a +0 giant spiked club (almost dead)
You shoot an arrow. The arrow barely misses the ogre.
You see here an arrow.
e - an arrow You see here an arrow.
Firing (i - inventory)
e - an arrow (quivered)
Press: ? - help, Shift-Dir - straight line, f/p - ogre
Aim: an ogre, wielding a +0 giant spiked club (severely wounded)
You shoot an arrow. The arrow hits the ogre.
The ogre is almost dead.
You see here an arrow.
You see here an arrow.
e - an arrow The ogre hits you with a +0 giant spiked club!!
Ouch! That really hurt!
You die...

#.....# #.###........########
#####.....# #>...........#.......
#.........###.#######....#...[...
#......###..)............#.......
#......# #....#######....#..###'#
#......###....#....##....#..#....
###......#....#....##....#..#....
#......................#..#....
###)............@........#..#....
...###.........#.O(......#..#....
...#...........#.........#..#....
...#....>......#.........#..#####
...#.....#######...).....#.......
...#.....##### #.........####'###
...#.....#...# #.................
...#.....#...# #.....(.(.........
...#.....#...# #.............(...


You could see an ogre.

Vanquished Creatures
  Crazy Yiuf (D:3)
  2 orc priests
  An orc wizard (D:3)
  Natasha (D:4)
  4 adders
  A worm (D:3)
  A dart slug (D:2)
  A leopard gecko (D:3)
  2 orcs
  A giant cockroach (D:2)
  6 goblins
  5 hobgoblins
  8 jackals
  8 kobolds
  A ball python (D:2)
  3 bats
  6 frilled lizards
  4 rats (D:1)
56 creatures vanquished.

Notes
Turn   | Place    | Note
-------+----------+-------------------------------------------
     0 | D:1      | Lugonue the Centaur Hunter began the quest for the Orb.
     0 | D:1      | Reached XP level 1. HP: 17/17 MP: 1/1
   338 | D:1      | Reached XP level 2. HP: 24/24 MP: 2/2
   395 | D:1      | Reached skill level 6 in Bows
   861 | D:2      | Found a sacrificial altar of Ru.
   944 | D:2      | Found a basalt altar of Yredelemnul.
   951 | D:2      | Reached XP level 3. HP: 6/29 MP: 3/3
  1346 | D:2      | Reached skill level 7 in Bows
  1416 | D:2      | Found a stormy altar of Qazlal.
  1435 | D:2      | Found a shadowy altar of Dithmenos.
  1900 | D:2      | Reached XP level 4. HP: 13/36 MP: 4/4
  2111 | D:3      | Reached skill level 8 in Bows
  2574 | D:3      | Reached XP level 5. HP: 41/41 MP: 5/5
  2661 | D:3      | Found a runed translucent door.
  2662 | D:3      | Noticed Crazy Yiuf
  2920 | D:3      | Killed Crazy Yiuf
  2920 | D:3      | Reached skill level 9 in Bows
  3091 | D:3      | Found a sparkling altar of Nemelex Xobeh.
  3209 | D:4      | Noticed Natasha
  3209 | D:4      | Noticed an ogre
  3211 | D:4      | Killed Natasha
  3326 | D:3      | Mangled by an ogre

Levels and vault maps discovered:
D:1:      kennysheep_arrival_seaside, layout_loops_cross
D:2:      layout_basic, nicolae_dithmenos_shadow_blocks,
          yredelemnul_altar_generic, old_standard_altar, lemuel_doored_altar
D:3:      layout_basic, nemelex_xobeh_ov_fountains_minmay,
          uniq_crazy_yiuf_cottage
D:4:      layout_rooms, fedhas_bush_and_centaur_altar, uniq_eustachio,
          uniq_ijyb, uniq_natasha

Skill      XL: |  1  2  3  4  5 |
---------------+----------------+-----
Bows           | 6 7 8 9 |  9.3
Fighting       | |  2.0
Dodging        | |  1.4
Stealth        | |  0.4

Action                   |  1- 3 |  4- 6 || total
-------------------------+-------+-------++-------
Melee: Short sword       |    50 |    18 ||    68
       Kick              |     3 |     9 ||    12
       Hand axe          |       |    45 ||    45
 Fire: Shortbow          |    92 |    43 ||   135
  Use: Potion            |     4 |     1 ||     5
       Scroll            |       |     1 ||     1
  Eat: Chunk             |     1 |     8 ||     9
Armor: Leather armour    |    19 |    13 ||    32
       Skin              |    17 |     5 ||    22
Dodge: Dodged            |    30 |    35 ||    65

Table legend:
 A = Non-vault XP
 B = Vault XP
 C = Vault XP percentage of total XP
 D = Non-vault monster count
 E = Vault monster count
 F = Vault count percentage of total count
                 A         B        C        D         E       F
            +---------+---------+-------+---------+---------+-------
      Total |     257 |      74 |  22.4 |      54 |       2 |   3.6
            +---------+---------+-------+---------+---------+-------
        D:1 |      17 |       0 |   0.0 |      13 |       0 |   0.0
        D:2 |      94 |       0 |   0.0 |      24 |       0 |   0.0
        D:3 |     146 |      41 |  21.9 |      17 |       1 |   5.6
        D:4 |       0 |      33 | 100.0 |       0 |       1 | 100.0
            +---------+---------+-------+---------+---------+-------
